 Dungeon Crawl Stone Soup version 0.18-a0-1285-g60d00e1 (webtiles) character file.

354 M4edhros the Sneak (level 6, 0/37 (38) HPs)
             Began as an Octopode Artificer on Feb 8, 2016.
             Slain by an orange demon (2 damage)
             ... on level 1 of the Abyss.
             The game lasted 00:09:02 (11168 turns).

M4edhros the Sneak (Octopode Artificer)            Turns: 11168, Time: 00:09:03

HP:   0/37 (38)     AC:  1    Str: 10    XL:     6   Next: 63%
MP:   9/9           EV: 13    Int: 16    God:    Xom [*.....]
Gold: 123           SH:  0    Dex: 13    Spells: 0 memorised, 5 levels left

rFire  . . .     SeeInvis .     j - +0 glaive (freeze)
rCold  . . .     Gourm    +     (shield currently unavailable)
rNeg   . . .     Faith    .     (helmet restricted)
rPois  .         Spirit   .     u - amulet of the gourmand
rElec  .         Dismiss  .     l - ring of protection from magic
rCorr  .         Reflect  .     (no ring)
SustAt .         Harm     .     (no ring)
MR     +....                    (no ring)
Stlth  ++++......               (no ring)
                                (no ring)
                                (no ring)
                                (no ring)

@: heavily drained, somewhat resistant to hostile enchantments, stealthy
A: almost no armour, amphibious, 8 rings, constrict 8, camouflage 1, gelatinous
body 1
a: Renounce Religion


You were on level 1 of the Abyss.
You worshipped Xom.
You were a special plaything of Xom.
You were not hungry.

You visited 2 branches of the dungeon, and saw 5 of its levels.
You visited the Abyss 1 time.

You collected 123 gold pieces.

Inventory:

Hand Weapons
 a - a +0 short sword
 j - a +0 glaive of freezing (weapon)
Missiles
 q - 4 curare-tipped needles
 w - 25 stones (quivered)
Jewellery
 l - a ring of protection from magic (left tentacle)
 u - an amulet of the gourmand (around mantle)
Wands
 b - a wand of flame (9/48)
 c - a wand of enslavement (8/24)
 d - a wand of random effects (40/48)
Scrolls
 e - 2 scrolls of teleportation {unknown}
 g - 2 scrolls of enchant armour {unknown}
 i - 3 scrolls of magic mapping {unknown}
 m - 3 scrolls of identify {unknown}
 o - a scroll of amnesia {unknown}
 p - 2 scrolls of noise {unknown}
 s - 3 scrolls of remove curse
Comestibles
 f - a bread ration
 k - a beef jerky


   Skills:
 - Level 1.0(0.0) Fighting
 - Level 1.0(0.0) Short Blades
 * Level 4.6(2.9) Dodging
 * Level 5.8(4.1) Stealth
 + Level 4.5(2.8) Evocations


You had 5 spell levels left.
You didn't know any spells.

Dungeon Overview and Level Annotations

Branches:
Dungeon (4/15)             Temple (1/1) D:4

Altars:
Dithmenos
Fedhas
Gozag
Kikubaaqudgha
Makhleb
Nemelex Xobeh
Okawaru
Qazlal
Ru
Trog
Vehumet
Xom
The Shining One


Innate Abilities, Weirdness & Mutations

You cannot wear most types of armour.
You are amphibious.
You can wear up to eight rings at the same time.
You can use your tentacles to constrict eight enemies at once.
Your skin changes colour to match your surroundings (Stealth).
Your rubbery body absorbs attacks (AC +1).


Message History

Drink which item? (? for menu, Esc to quit)
Your magical effects are unravelling.
You feel magically purged.
Your resistance to elements expires.
Your hornet stings the orange demon!
The orange demon looks even sicker.
The orange demon seems to slow down.
The orange demon stings your hornet.
Your hornet is poisoned.
The orange demon poisons your hornet!
The orange demon barely misses your hornet.
You cannot move.
Attack whom?
Press: ? - help, Dir - move target cursor, f/p - orange demon
Aim: an orange demon (moderately wounded, slow, poisoned)
You could not reach far enough!
You feel less woody.
The orange demon is no longer moving slowly.
Your hornet barely misses the orange demon.
Your hornet completely misses the orange demon.
The orange demon stings you from afar.
You die...

.# #.
.§##4§. .
.. ###
...#..## #
#.#. .##.##
# #.#..#
.....##.
..b45
.##§###
####
##...#... §
#b.4#.#..#.
#..##..
#....##y..#
## .#####
#....
#@..### # #
# ....
##### #. #
...$ .
#.... # .
... #..#
#.#... # #


You could see an orange demon and a friendly hornet.

Vanquished Creatures
  A phantom (D:1)
  An orc priest (D:4)
  An orc wizard (D:4)
  A worker ant (D:4)
  8 adders
  2 oozes (D:1)
  4 worms
  2 giant geckos
  3 orcs
  A giant cockroach (D:3)
  15 hobgoblins
  15 jackals
  10 kobolds
  2 quokkas
  2 ball pythons
  4 bats
  5 giant newts
  11 goblins
  A quokka skeleton (D:4)
  8 rats
97 creatures vanquished.

Vanquished Creatures (others)
  A raiju (Abyss:1)
  An orc priest (D:4)
2 creatures vanquished.

Grand Total: 99 creatures vanquished

Notes
Turn   | Place    | Note
--------------------------------------------------------------
     0 | D:1      | M4edhros the Octopode Artificer began the quest for the Orb.
     0 | D:1      | Reached XP level 1. HP: 13/13 MP: 3/3
   135 | D:1      | Reached XP level 2. HP: 18/18 MP: 4/4
   666 | D:2      | Reached XP level 3. HP: 23/23 MP: 5/5
  1331 | D:2      | Reached XP level 4. HP: 8/28 MP: 6/6
  1575 | D:3      | Reached skill level 4 in Stealth
  2203 | D:4      | Reached XP level 5. HP: 24/33 MP: 6/8
  2276 | D:4      | Found a staircase to the Ecumenical Temple.
  2405 | D:4      | Reached skill level 5 in Stealth
  2622 | D:4      | Noticed an orc warrior
  2731 | D:4      | Found a burning altar of Makhleb.
  2750 | Temple   | Entered the Ecumenical Temple
  2910 | Temple   | Became a worshipper of Xom of Chaos
  3328 | D:2      | Reached XP level 6. HP: 31/38 MP: 9/9
  3393 | D:2      | XOM: divination: detect creatures
  3415 | D:2      | XOM: divination: detect creatures
  3554 | D:2      | XOM: divination: detect creatures
  3607 | D:2      | XOM: mild Necr miscast
  3735 | D:2      | XOM: noise
  4048 | D:2      | XOM: 4-stop teleportation journey
  4076 | D:2      | XOM: noise
  4194 | D:1      | XOM: medium Chrm miscast
  5492 | D:1      | XOM: harmless Trmt miscast
  5499 | D:1      | XOM is BORED!
  5499 | D:1      | XOM: draining
  5875 | D:1      | XOM: god gift: scroll labeled GAUTWI RELIETU
  6558 | D:1      | XOM: colour smoke trail
  6843 | D:1      | XOM: medium Conj miscast
  6891 | D:1      | XOM: colour smoke trail
  6999 | D:1      | XOM: draining
  7173 | D:1      | XOM: summons 3 hostile demons
  7174 | D:1      | Noticed a ynoxinul
  7703 | D:1      | XOM: summons 3 hostile demons
  7704 | D:1      | Noticed a rust devil
  8046 | D:1      | XOM: mild Erth miscast
  8103 | D:1      | XOM: mild Necr miscast
  8230 | D:1      | Noticed a phantom
  8240 | D:1      | XOM: confuse monster(s)
  8242 | D:1      | XOM: potion effect (haste)
  8274 | D:1      | Killed a phantom
  8348 | D:1      | XOM is BORED!
  8348 | D:1      | XOM: noise
  8611 | D:1      | XOM: scenery: create altars
  9191 | D:1      | XOM: noise
  9517 | D:1      | XOM is BORED!
  9517 | D:1      | XOM: mild Ice miscast
  9530 | D:1      | XOM: silly message
  9823 | D:1      | XOM: harmless Erth miscast
 10184 | D:1      | XOM: divination: detect creatures
 10286 | D:1      | XOM: harmless Hex miscast
 10333 | D:1      | XOM: scenery: create altars
 10996 | D:1      | XOM is BORED!
 10996 | D:1      | XOM: torment (20/37 hp)
 11063 | D:1      | XOM: severe Tloc miscast
 11063 | D:1      | Cast into level 1 of the Abyss (the severe capriciousness of Xom)
 11105 | Abyss:1  | XOM: harmless Fire miscast
 11112 | Abyss:1  | XOM: harmless Ice miscast
 11130 | Abyss:1  | Noticed a raiju
 11139 | Abyss:1  | Noticed a raiju
 11140 | Abyss:1  | Noticed a raiju
 11146 | Abyss:1  | Noticed an orange demon
 11147 | Abyss:1  | XOM: butterfly on damage
 11161 | Abyss:1  | Noticed a hornet
 11161 | Abyss:1  | a raiju changed into a hornet
 11164 | Abyss:1  | HP: 1/55 [orange demon (8)]
 11168 | Abyss:1  | Slain by an orange demon

Vault maps used:
D:1:      ncdulo_watergridlock, minmay_misc_feat_ornament
D:3:      ecumenical_altar_2
D:4:      nicolae_overflow_crystal_walls, minmay_temple_entry_glass, first_bread
Temple:   dpeg_five_rooms_temple_12

Action                   |  1- 3 |  4- 6 || total
-------------------------+-------+-------++-------
Melee: Short sword       |    68 |   171 ||   239
Evoke: Wand              |     4 |    10 ||    14
  Use: Potion            |     1 |     6 ||     7
       Scroll            |       |     4 ||     4
 Stab: Sleeping          |     8 |    14 ||    22
       Confused          |       |     1 ||     1
  Eat: Chunk             |     1 |    26 ||    27
       Meat ration       |       |     1 ||     1
